 Dungeon Crawl Stone Soup version 0.29.0-4-gdea44cf6ec (webtiles) character file.

Game seed: 17193158781721707873

352 qw the Chopper (level 6, -1/37 HPs)
             Began as a Tengu Warper on Aug 28, 2022.
             Slain by a centaur (2 damage)
             ... on level 4 of the Dungeon.
             The game lasted 00:00:20 (4396 turns).

qw the Chopper (Tengu Warper)                       Turns: 4396, Time: 00:00:20

Health: -1/37      AC:  5    Str: 20    XL:     6   Next: 62%
Magic:  10/10      EV: 13    Int: 13    God:
Gold:   167        SH:  0    Dex: 13    Spells: 9/9 levels left

rFire   . . .      SeeInvis .   Y - +0 hand axe
rCold   + . .      Faith    .   (no shield)
rNeg    . . .      Spirit   .   k - +0 ring mail
rPois   .          Reflect  .   (helmet restricted)
rElec   .          Harm     .   (no cloak)
rCorr   .          Rampage  .   (no gloves)
Will    .....                   (boots unavailable)
Stlth   +.........              (no amulet)
HPRegen 0.12/turn               e - +6 ring of strength
MPRegen 0.12/turn               a - ring of protection from cold

@: about to teleport, flying quickly and evasively, quick
A: beak, talons 3, nimble flight
a: no special abilities


You were on level 4 of the Dungeon.
You visited 1 branch of the dungeon, and saw 4 of its levels.

You collected 237 gold pieces.
You spent 70 gold pieces at shops.


Innate Abilities, Weirdness & Mutations

You have a beak for a mouth.
You have claws for feet.
Your magical nature lets you fly swiftly and evasively.


   Skills:
 - Level 3.1 Fighting
 + Level 7.0 Axes
 - Level 1.0 Throwing
 - Level 1.1 Armour
 - Level 2.1 Dodging
 - Level 2.0 Spellcasting
 - Level 2.4 Translocations


You had 9 spell levels left.
You didn't know any spells.
Your spell library contained the following spells:

 Spells                   Type           Power      Damage    Failure   Level
 Blink                    Tloc           14%        N/A       24%         2
 Gell's Gravitas          Tloc           7%         N/A       43%         3
 Lesser Beckoning         Tloc           7%         N/A       43%         3
 Teleport Other           Tloc           7%         N/A       43%         3
 Manifold Assault         Tloc           7%         N/A       99%         5

Inventory:

Hand Weapons
 f - a +0 flail
 Y - a +0 hand axe (weapon)
Armour
 h - a +0 scale mail
 i - a +0 chain mail
 k - a +0 ring mail (worn)
 m - a +0 pair of gloves
 n - a +1 hat
Jewellery
 a - a ring of protection from cold (right hand)
 e - a +6 ring of strength (left hand)
Scrolls
 b - a scroll of amnesia {unknown}
 d - 4 scrolls of identify
 l - a scroll of teleportation
Potions
 c - a potion of cancellation
 g - a potion of brilliance {unknown}
 j - 2 potions of curing
 o - a potion of might {unknown}

Dungeon Overview and Level Annotations

Branches:
Dungeon (4/15)
 Temple: D:4-7

Altars:

Shops:
D:1 ?


Message History

You kill the ogre!
Your Fighting skill increases to level 3!
You start resting.
HP restored.
You see here a +0 giant club.
There is a stone staircase leading up here.
A centaur comes into view.
The centaur shouts!
The centaur wields a +0 shortbow.
The centaur shoots an arrow.
The arrow hits you.
The centaur shoots an arrow.
The arrow hits you!
The centaur shoots an arrow.
The arrow misses you.
The centaur shoots an arrow.
The arrow misses you.
The centaur shoots an arrow.
The arrow hits you!
The centaur shoots an arrow.
The arrow hits you but does no damage.
The centaur unwields a +0 shortbow.
The centaur hits you. The centaur kicks you.
4392 ||| READING 2 scrolls of teleportation.
As you read the scroll of teleportation, it crumbles to dust.
You feel strangely unstable. The centaur hits you.
The centaur kicks you but does no damage.
You completely miss the centaur. The centaur hits you.
The centaur kicks you but does no damage.
The centaur closely misses you.
The centaur kicks you but does no damage.
You completely miss the centaur. You claw the centaur!
Your peck misses the centaur.
The centaur is heavily wounded.
The centaur barely misses you.
The centaur kicks you but does no damage.
You barely miss the centaur. Your kick misses the centaur.
The centaur is heavily wounded.
The centaur hits you but does no damage.
The centaur kicks you. The centaur barely misses you.
The centaur kicks you but does no damage.
You hit the centaur.
The centaur is heavily wounded.
The centaur closely misses you. The centaur kicks you.
You die...

######## #.#.....#.# #
##############.#.....#.# #
#..............#.....#.# #
#.#################..#.# #
#.#..................#.# #
#.#.################.#.# # #.#.#
........#.# # #.#.#
###############.# # ###.#.#
......c@........# #
....#.###########################
#####............................
#############################


You could see a centaur.

Vanquished Creatures
  Sigmund (D:3)
  An ogre (D:4)
  An iguana (D:4)
  An adder (D:2)
  3 worms
  4 dart slugs
  3 orcs
  4 ball pythons
  2 endoplasms
  3 giant cockroaches
  2 goblins
  5 hobgoblins
  6 jackals (D:1)
  3 quokkas
  4 bats
  3 frilled lizards
  5 kobolds
  3 rats
54 creatures vanquished.

Notes
Turn   | Place    | Note
-------+----------+-------------------------------------------
     0 | D:1      | qw the Tengu Warper began the quest for the Orb.
     0 | D:1      | Reached XP level 1. HP: 12/12 MP: 4/4
     0 | D:1      | 0 ||| qw: Version: 0.1-a-89-g26bdef1
     0 | D:1      | 0 ||| qw: Game counter: 3333
     0 | D:1      | 0 ||| qw: Always use a shield: true
     0 | D:1      | 0 ||| qw: God list: Okawaru
     0 | D:1      | 0 ||| qw: Allow faded altars: false
     0 | D:1      | 0 ||| qw: Do Orc after D:15 true
     0 | D:1      | 0 ||| qw: Do second Lair branch before Depths: true
     0 | D:1      | 0 ||| qw: Lair rune preference: random
     0 | D:1      | 0 ||| qw: Plans: Normal
     0 | D:1      | 0 ||| PLANNING D:1-11
    34 | D:1      | 34 ||| Stepping ~*~*~tactically~*~*~ (stealth).
    37 | D:1      | 37 ||| Stepping ~*~*~tactically~*~*~ (hiding).
   357 | D:1      | Reached skill level 3 in Axes
   357 | D:1      | Reached XP level 2. HP: 17/17 MP: 6/6
   364 | D:1      | 364 ||| Stepping ~*~*~tactically~*~*~ (stealth).
   366 | D:1      | 366 ||| Stepping ~*~*~tactically~*~*~ (stealth).
   367 | D:1      | 367 ||| Stepping ~*~*~tactically~*~*~ (stealth).
   709 | D:1      | Found a faded altar of an unknown god.
   920 | D:1      | Found Murecylo's Magic Scroll Emporium.
   929 | D:1      | 929 ||| SHOPLISTING scroll of brand weapon (95 gold, have
                  | 79).
   929 | D:1      | 929 ||| BUYING scroll of identify (20 gold).
   929 | D:1      | Bought a scroll of identify for 20 gold pieces
   929 | D:1      | 929 ||| BUYING scroll of identify (20 gold).
   929 | D:1      | Bought a scroll of identify for 20 gold pieces
   929 | D:1      | 929 ||| BUYING scroll of teleportation (30 gold).
   929 | D:1      | Bought a scroll of teleportation for 30 gold pieces
   929 | D:1      | 929 ||| SHOPLISTING scroll of teleportation (30 gold, have
                  | 9).
  1128 | D:1      | 1128 ||| UPGRADING to +0 ring mail.
  1138 | D:1      | 1138 ||| DROPPING +0 leather armour.
  1139 | D:1      | 1139 ||| DROPPING amulet of magic regeneration.
  1140 | D:1      | 1140 ||| UPGRADING to +6 ring of strength.
  1141 | D:1      | 1141 ||| READING scroll labelled IDDIRGHE URAUM.
  1142 | D:1      | 1142 ||| READING scroll labelled QIOKKEDANK.
  1143 | D:1      | 1143 ||| READING 2 scrolls of identify.
  1143 | D:1      | 1143 ||| IDENTIFYING bubbling cyan potion
  1144 | D:1      | 1144 ||| DROPPING scroll of blinking.
  1145 | D:1      | 1145 ||| READING 2 scrolls of teleportation.
  1175 | D:2      | Reached skill level 4 in Axes
  1175 | D:2      | Reached XP level 3. HP: 6/21 MP: 7/7
  1175 | D:2      | 1175 ||| DRINKING 2 potions of curing.
  1175 | D:2      | 1175 ||| (to cure poison)
  1389 | D:2      | 1389 ||| Stepping ~*~*~tactically~*~*~ (stealth).
  1390 | D:2      | 1390 ||| Stepping ~*~*~tactically~*~*~ (stealth).
  1874 | D:3      | 1874 ||| FLEEEEING.
  1880 | D:3      | 1880 ||| FLEEEEING.
  1881 | D:3      | 1881 ||| FLEEEEING.
  1882 | D:3      | 1882 ||| FLEEEEING.
  1883 | D:3      | 1883 ||| FLEEEEING.
  1884 | D:3      | 1884 ||| FLEEEEING.
  1891 | D:3      | 1891 ||| FLEEEEING.
  1911 | D:3      | Reached XP level 4. HP: 23/26 MP: 8/8
  1982 | D:3      | 1982 ||| Stepping ~*~*~tactically~*~*~ (stealth).
  1983 | D:3      | 1983 ||| Stepping ~*~*~tactically~*~*~ (stealth).
  2144 | D:3      | Noticed Sigmund
  2145 | D:3      | 2145 ||| Stepping ~*~*~tactically~*~*~ (hiding).
  2146 | D:3      | 2146 ||| Stepping ~*~*~tactically~*~*~ (hiding).
  2148 | D:3      | 2148 ||| Stepping ~*~*~tactically~*~*~ (hiding).
  2155 | D:3      | HP: 5/26 [Sigmund/+0 scythe (3)]
  2156 | D:3      | 2156 ||| READING 2 scrolls of teleportation.
  2157 | D:3      | HP: 1/26 [Sigmund/+0 scythe (5)]
  2635 | D:3      | 2635 ||| DROPPING +0 whip.
  2823 | D:3      | 2823 ||| Stepping ~*~*~tactically~*~*~ (stealth).
  2826 | D:3      | 2826 ||| Stepping ~*~*~tactically~*~*~ (stealth).
  2828 | D:3      | 2828 ||| Stepping ~*~*~tactically~*~*~ (stealth).
  2829 | D:3      | 2829 ||| Stepping ~*~*~tactically~*~*~ (stealth).
  2831 | D:3      | 2831 ||| Stepping ~*~*~tactically~*~*~ (hiding).
  2844 | D:3      | Killed Sigmund
  2845 | D:3      | Reached skill level 6 in Axes
  2845 | D:3      | Gained mutation: Your magical nature lets you fly swiftly
                  | and evasively. [Tengu growth]
  2845 | D:3      | Reached XP level 5. HP: 12/30 MP: 9/9
  2845 | D:3      | Reached XP level 6. HP: 14/35 MP: 10/10
  3270 | D:3      | 3270 ||| UPGRADING to ring of protection from cold.
  3271 | D:3      | 3271 ||| READING scroll labelled ZAJENL YROMUO.
  3272 | D:3      | 3272 ||| READING scroll labelled KAILOA NUJYHUO.
  3273 | D:3      | 3273 ||| READING scroll labelled ZUMAVI AGAZIAGH.
  3274 | D:3      | 3274 ||| READING 4 scrolls of identify.
  3274 | D:3      | 3274 ||| IDENTIFYING fizzy emerald potion
  3532 | D:4      | 3532 ||| Stepping ~*~*~tactically~*~*~ (stealth).
  3832 | D:4      | 3832 ||| Stepping ~*~*~tactically~*~*~ (hiding).
  3841 | D:4      | Reached skill level 7 in Axes
  4191 | D:4      | Reached skill level 3 in Fighting
  4391 | D:4      | HP: 9/37 [centaur (1)]
  4392 | D:4      | 4392 ||| READING 2 scrolls of teleportation.
  4393 | D:4      | HP: 2/37 [centaur (5)]
  4396 | D:4      | Slain by a centaur

Levels and vault maps discovered:
D:1:      co_arrival_square_in_a_square_in_a_square, layout_basic,
          shapermc_ecumenical_altar_totnotflames, serial_shops,
          nicolae_shop_statue_plus, minivault_24
D:2:      layout_basic
D:3:      layout_loops_cross, minivault_26, uniq_sigmund
D:4:      layout_basic

Skill      XL: |  1  2  3  4  5  6 |
---------------+-------------------+-----
Axes           | 3 4 6 7 |  7.0
Fighting       | 3 |  3.1
Throwing       | |  1.0
Armour         | |  1.1
Dodging        | |  2.1
Spellcasting   | |  2.0
Translocations | |  2.4

Action                   |  1- 3 |  4- 6 || total
-------------------------+-------+-------++-------
Melee: Hand axe          |    84 |    79 ||   163
       Kick              |    19 |    19 ||    38
       Peck              |     6 |    12 ||    18
       Punch             |     1 |       ||     1
Throw: Boomerang         |     7 |       ||     7
  Use: Scroll            |     4 |     6 ||    10
       Potion            |     1 |       ||     1
Armor: Leather armour    |     6 |       ||     6
       Ring mail         |    22 |    16 ||    38
Dodge: Dodged            |    43 |    37 ||    80

Table legend:
 A = Non-vault XP
 B = Vault XP
 C = Vault XP percentage of total XP
 D = Non-vault monster count
 E = Vault monster count
 F = Vault count percentage of total count
                 A         B        C        D         E       F
            +---------+---------+-------+---------+---------+-------
      Total |     278 |     226 |  44.8 |      53 |       1 |   1.9
            +---------+---------+-------+---------+---------+-------
        D:1 |      31 |       0 |   0.0 |      16 |       0 |   0.0
        D:2 |      41 |       0 |   0.0 |      16 |       0 |   0.0
        D:3 |      35 |     226 |  86.6 |      13 |       1 |   7.1
        D:4 |     171 |       0 |   0.0 |       8 |       0 |   0.0
            +---------+---------+-------+---------+---------+-------
